 Dungeon Crawl Stone Soup version 0.26-a0-264-g3a47132 (webtiles) character file.

Game seed: 5524427204626601340

3 Illumine the Firebug (level 1, 0/10 HPs)
             Began as a Deep Elf Fire Elementalist on July 13, 2020.
             Slain by a leopard gecko (4 damage)
             ... on level 1 of the Dungeon on July 14, 2020.
             The game lasted 00:00:37 (135 turns).

Illumine the Firebug (Deep Elf Fire Elementalist)    Turns: 135, Time: 00:00:38

Health: 0/10       AC:  2    Str:  5    XL:     1   Next: 41%
Magic:  2/6        EV: 13    Int: 19    God:
Gold:   19         SH:  0    Dex: 15    Spells: 5/6 levels left

rFire    . . .     SeeInvis .   (no weapon)
rCold    . . .     Faith    .   (no shield)
rNeg     . . .     Spirit   .   a - +0 robe
rPois    .         Reflect  .   (no helmet)
rElec    .         Harm     .   (no cloak)
rCorr    .                      (no gloves)
MR       .....                  (no boots)
Stlth    ++........             (no amulet)
HPRegen  0.03/turn              (no ring)
MPRegen  0.10/turn              (no ring)

@: no status effects
A: no striking features
a: no special abilities


You were on level 1 of the Dungeon.
You were not hungry.

You visited 1 branch of the dungeon, and saw 1 of its levels.

You collected 19 gold pieces.

Inventory:

Armour
 a - a +0 robe (worn)
Scrolls
 d - a scroll of amnesia {unknown}
 e - a scroll of remove curse {unknown}
Potions
 b - a potion of might {unknown}
Comestibles
 c - 6 rations


   Skills:
 + Level 2.5 Dodging
 - Level 2.4 Stealth
 + Level 3.1 Spellcasting
 + Level 1.2 Conjurations
 + Level 3.3 Fire Magic


You had 5 spell levels left.
You knew the following spells:

 Your Spells              Type           Power        Failure   Level
a - Foxfire               Conj/Fire      ##..         6%          1

Your spell library contained the following spells:

 Spells                   Type           Power        Failure   Level
 Conjure Flame            Conj/Fire      ##......     19%         3
 Inner Flame              Hex/Fire       #.......     22%         3
 Sticky Flame             Conj/Fire      ##......     52%         4
 Fireball                 Conj/Fire      ##........   86%         5


Dungeon Overview and Level Annotations

Branches:
Dungeon (1/15)

Altars:


Message History

The jackal is almost dead.
The jackal barely misses you. x2
Casting: Foxfire (safe; 6% risk of failure)
Confirm with . or Enter, or press ? or * to list all spells.
You conjure some foxfire!
The foxfire hits the jackal.
The jackal is severely wounded.
The jackal bites you. The jackal closely misses you.
Your foxfire dissipates!
The jackal bites you but does no damage.
Casting: Foxfire (safe; 6% risk of failure)
Confirm with . or Enter, or press ? or * to list all spells.
You conjure some foxfire!
The foxfire hits the jackal.
You kill the jackal!
The foxfire hits the leopard gecko but does no damage.
The leopard gecko closely misses you. The leopard gecko bites you.
Casting: Foxfire (safe; 6% risk of failure)
Confirm with . or Enter, or press ? or * to list all spells.
You conjure some foxfire!
The leopard gecko bites you.
You die...

### .. #. #.#########
..#.......>.######
.....#####...h.†h#
.........#..####h#
.....###.#..####l###
.............#..@v.###
...............#v#.#.#
...............#.#.#.#
...#........##.#.#.#.##
...#...≈.....#.#......# ≈..
..§§..#..#.###..#######
≈..#.§≈..#................#
.≈.#.§§§#§.....##...#####.#
.≈§#§≈.#§§.≈....#...#


You could see a leopard gecko and 2 jackals.

Vanquished Creatures
  2 jackals (D:1)
  A kobold (D:1)
3 creatures vanquished.

Vanquished Creatures (others)
  7 foxfires (D:1)
7 creatures vanquished.

Grand Total: 10 creatures vanquished

Notes
Turn   | Place    | Note
-------+----------+-------------------------------------------
     0 | D:1      | Illumine the Deep Elf Fire Elementalist began the quest for
                  | the Orb.
     0 | D:1      | Reached XP level 1. HP: 10/10 MP: 6/6
   135 | D:1      | Slain by a leopard gecko

Illustrated notes

Levels and vault maps discovered:
D:1:      minmay_arrival_radiant_lines, layout_basic

Action                   || total
-------------------------++-------
 Cast: Foxfire           ||     6
Armor: Robe              ||     1
Dodge: Dodged            ||     6

Table legend:
 A = Non-vault XP
 B = Vault XP
 C = Vault XP percentage of total XP
 D = Non-vault monster count
 E = Vault monster count
 F = Vault count percentage of total count
                 A         B        C        D         E       F
            +---------+---------+-------+---------+---------+-------
      Total |       5 |       0 |   0.0 |       3 |       0 |   0.0
            +---------+---------+-------+---------+---------+-------
        D:1 |       5 |       0 |   0.0 |       3 |       0 |   0.0
            +---------+---------+-------+---------+---------+-------
